Map: Whirlwind LE (Void)

Players

Kelazhur

  • Race: Terran Terran
  • Spawn Location: 11:00

ByuN - Winner!

  • Race: Terran Terran
  • Spawn Location: 1:00

Event: NationWars IV

VOD

Have the link to the VOD?

Description

Time

  • Played on: Jan. 6, 2017, 1:34 p.m.
  • Length: 12:43

All games in this series

Show
View Real Time Build Order
Export as new Build Order

Kelazhur Terran 

Build Orders: 1/1/1, Cyclone Opening, Bio Tank 

Get SALT Encoding   

  12  0:00  SCV  
  13  0:14  SCV  
  13  0:17  Supply Depot  
  14  0:24  Refinery  
  14  0:28  SCV  
  15  0:41  SCV  
  16  0:46  Barracks  
  16  0:53  SCV  
  17  0:58  Refinery  
  17  1:05  SCV  
  18  1:17  SCV  
  19  1:32  Orbital Command  
  19  1:33  Factory  
  19  1:36  Reaper  
  20  1:45  Supply Depot  
  20  1:58  SCV  
  21  2:08  Reaper  
  21  2:10  SCV  
  23  2:18  Starport  
  23  2:22  Cyclone  
  25  2:25  SCV  
  26  2:37  SCV  
  26  2:38  Supply Depot  
  26  2:41  Barracks Tech Lab  
  27  2:49  SCV  
  28  3:00  Hellion  
  28  3:03  SCV  
  31  3:06  Raven  
  33  3:13  Barracks Reactor  
  33  3:17  SCV  
  34  3:25  Command Center  
  34  3:28  Widow Mine  
  34  3:31  SCV  
  37  3:35  Supply Depot  
  37  3:47  SCV  
  38  3:57  Marine x2, Viking  
  38  3:59  SCV  
  38  4:02  Supply Depot  
  43  4:08  Factory Tech Lab  
  43  4:11  Supply Depot, SCV  
  43  4:23  SCV  
  44  4:25  Marine x2  
  44  4:30  Siege Tank  
  49  4:35  SCV  
  49  4:36  Viking  
  52  4:46  Marine x2  
  52  4:52  Orbital Command  
  54  5:04  Siege Tank  
  57  5:08  SCV  
  57  5:13  Viking  
  57  5:14  Viking  
  62  5:19  SCV  
  62  5:21  SCV  
  64  5:24  Supply Depot  
  64  5:31  SCV  
  64  5:33  SCV, Engineering Bay  
  66  5:36  Marine  
  66  5:39  Siege Tank  
  69  5:43  SCV  
  69  5:45  SCV  
  71  5:52  Viking  
  71  5:53  Marine  
  71  5:55  SCV, Refinery, Viking  
  77  5:59  SCV  
  77  6:04  Supply Depot  
  73  6:07  SCV  
  68  6:11  SCV  
  68  6:13  Marine  
  70  6:18  Missile Turret  
  70  6:19  SCV  
  71  6:27  SCV  
  72  6:33  SCV  
  72  6:34  Marine, Siege Tank  
  72  6:35  Stimpack  
  75  6:41  Barracks x2  
  75  6:42  SCV  
  75  6:45  SCV  
  76  6:52  Marine  
  78  6:54  SCV  
  78  6:59  Starport Reactor  
  78  7:01  SCV  
  79  7:06  SCV  
  79  7:07  Siege Tank  
  83  7:11  Marine  
  83  7:13  SCV  
  85  7:20  Command Center  
  85  7:24  SCV  
  85  7:29  SCV  
  86  7:30  Marine x3  
  90  7:39  Siege Tank  
  91  7:44  Starport Reactor, SCV  
  91  7:47  Marine x2  
  90  7:52  Marine x2  
  90  7:55  Terran Infantry Weapons Level 1  
  90  7:56  Engineering Bay  
  90  7:57  SCV  
  90  7:58  Barracks  
  90  8:00  Barracks  
  90  8:01  Marine  
  83  8:05  Marine  
  83  8:06  Marine  
  83  8:10  Marine  
  83  8:12  Marine  
  86  8:15  Siege Tank  
  86  8:18  Marine  
  91  8:20  SCV  
  91  8:22  Medivac  
  94  8:31  Supply Depot  
  94  8:32  Marine x2, Medivac  
  98  8:37  Marine x2  
  98  8:39  Orbital Command  
  100  8:41  Refinery  
  100  8:42  Terran Infantry Armor Level 1  
  100  8:47  Armory  
  98  8:58  Marine x3, Medivac  
  98  8:59  Marine x4  
  98  9:02  Medivac  
  88  9:10  Combat Shields  
  88  9:16  Marine x3  
  92  9:19  Marine  
  92  9:20  Barracks Reactor x2  
  92  9:21  SCV x2  
  92  9:22  Marine  
  95  9:28  Missile Turret  
  95  9:34  Orbital Command, Marine x2  
  95  9:35  SCV  
  95  9:38  SCV  
  99  9:40  Marine x3  
  99  9:44  Siege Tank  
  105  9:47  SCV  
  105  9:52  Marine, SCV  
  108  9:56  Marine x2  
  109  10:04  Marine  
  107  10:08  Marine  
  107  10:09  Marine x4, SCV  
  107  10:10  Terran Infantry Weapons Level 2  
  105  10:17  Marine x2  
  105  10:18  Medivac x2  
  105  10:19  Marine  
  110  10:22  Marine  
  111  10:30  Marine  
  111  10:31  Supply Depot  
  111  10:34  Marine  
  111  10:35  Marine  
  107  10:36  Marine  
  107  10:38  Marine, SCV x2  
  107  10:39  Marine  
  109  10:45  Siege Tank  
  109  10:47  Marine  
  107  10:50  Marine, SCV x2  
  106  10:57  Marine  
  106  11:02  SCV  
  108  11:05  Missile Turret  
  108  11:13  Marine  
  108  11:14  Marine  
  108  11:15  Marine  
  111  11:18  Marine x2  
  111  11:21  Marine  
  112  11:36  Supply Depot  
  112  11:38  Supply Depot  
  112  11:57  Marine x2  
  112  11:58  Marine x3  
  112  11:59  Marine  
  120  12:02  Marine  
  86  12:15  Marine x2  
Show
View Real Time Build Order
Export as new Build Order

ByuN Terran - Winner!

Build Orders: 1/1/1, Cyclone Opening, Bio Tank 

Get SALT Encoding   

  12  0:00  SCV  
  13  0:13  SCV  
  14  0:17  Supply Depot  
  14  0:25  SCV  
  14  0:27  Refinery  
  15  0:38  SCV  
  16  0:44  Barracks  
  16  0:51  SCV  
  16  0:54  Refinery  
  17  1:03  SCV  
  18  1:15  SCV  
  19  1:31  Orbital Command, Factory  
  19  1:33  Reaper  
  20  1:44  Supply Depot  
  20  1:56  SCV  
  21  2:05  Reaper  
  23  2:08  SCV  
  23  2:16  Starport  
  23  2:19  Cyclone  
  23  2:21  SCV  
  27  2:29  Supply Depot  
  27  2:33  SCV  
  28  2:38  Barracks Tech Lab  
  28  2:45  SCV  
  29  2:55  Widow Mine  
  31  3:05  Banshee  
  34  3:12  Supply Depot  
  34  3:14  Barracks Reactor  
  34  3:25  SCV  
  34  3:26  Command Center  
  35  3:34  Factory Tech Lab  
  35  3:37  Supply Depot, SCV  
  36  3:49  SCV  
  36  3:50  Marine  
  36  3:52  Marine  
  39  3:56  Raven  
  39  3:59  Supply Depot  
  39  4:01  SCV  
  42  4:08  Marine  
  43  4:10  Marine  
  43  4:14  SCV  
  45  4:20  Siege Tank  
  48  4:26  SCV  
  51  4:38  SCV  
  50  4:43  Barracks  
  50  4:45  Barracks  
  50  4:48  Marine, Starport Reactor  
  50  4:49  Stimpack  
  50  4:50  Engineering Bay  
  50  4:51  SCV  
  52  4:56  Orbital Command  
  52  4:59  Refinery  
  52  5:03  SCV  
  53  5:07  Siege Tank  
  53  5:12  Marine  
  57  5:15  SCV  
  58  5:22  Terran Infantry Weapons Level 1  
  58  5:27  SCV x2  
  60  5:30  Marine  
  60  5:31  Starport Reactor, Marine  
  60  5:32  Marine  
  63  5:38  Marine  
  63  5:39  Marine  
  63  5:42  SCV x2  
  67  5:45  Supply Depot  
  67  5:47  Siege Tank  
  67  5:48  Marine x2  
  72  5:51  Marine  
  72  5:54  SCV x2  
  75  5:57  Marine x2  
  77  6:06  Marine x2, SCV x2  
  77  6:08  Supply Depot  
  77  6:09  Marine, Supply Depot  
  78  6:15  Medivac  
  78  6:16  Medivac  
  82  6:21  SCV x2, Refinery  
  84  6:27  Marine  
  84  6:28  Marine  
  84  6:30  Marine x3  
  89  6:33  Siege Tank  
  92  6:42  SCV x2  
  92  6:45  Marine  
  95  6:47  Marine x3  
  95  6:49  Marine  
  99  6:54  SCV x2  
  101  7:15  Marine, Supply Depot x2  
  102  7:20  Supply Depot  
  102  7:21  Supply Depot  
  102  7:25  Marine  
  102  7:27  Marine, Medivac  
  102  7:36  Marine x3, Medivac, Siege Tank  
  110  7:39  Supply Depot  
  110  7:43  Marine  
  111  7:45  Marine  
  110  7:54  Marine x3  
  111  8:01  Marine  
  111  8:03  Marine  
  111  8:05  Command Center, Combat Shields  
  109  8:08  Siege Tank  
  109  8:11  Marine x3  
  114  8:15  Medivac x2  
  114  8:17  Terran Infantry Armor Level 1  
  114  8:18  Marine, SCV  
  120  8:21  Marine  
  121  8:29  Marine x2  
  121  8:31  Marine  
  124  8:35  Barracks  
  124  8:36  Marine  
  124  8:37  Barracks  
  124  8:38  Marine  
  124  8:40  SCV x2  
  128  8:44  Armory  
  128  8:47  Marine x2  
  130  8:51  Marine  
  130  8:54  Marine  
  118  8:56  Marine  
  99  9:05  Marine x2, SCV x2  
  99  9:09  Marine  
  104  9:12  Marine, Engineering Bay  
  104  9:14  Marine  
  106  9:17  Orbital Command  
  106  9:19  SCV x2  
  106  9:23  Marine x2  
  110  9:25  Siege Tank  
  110  9:27  Marine  
  110  9:28  Barracks Reactor  
  110  9:30  Marine  
  115  9:32  Marine  
  115  9:34  Barracks Reactor  
  116  9:39  Medivac x2  
  116  9:41  Terran Infantry Weapons Level 2, Marine x2  
  116  9:44  Marine  
  123  9:48  Marine  
  123  9:51  Marine  
  124  9:58  Marine x2  
  122  10:02  Marine, Siege Tank  
  122  10:05  Marine  
  122  10:06  Marine x2  
  125  10:09  Marine  
  126  10:15  Marine  
  126  10:16  Marine x3  
  126  10:20  Marine  
  126  10:21  Medivac x2, Terran Infantry Armor Level 2  
  132  10:23  Marine, Supply Depot  
  132  10:24  Marine, Supply Depot  
  134  10:33  Marine  
  134  10:34  Marine x5, Siege Tank  
  139  10:38  Marine  
  139  10:39  Refinery x2  
  139  10:41  Marine  
  139  10:42  Marine  
  140  10:51  Marine x3  
  140  10:52  Marine  
  142  11:01  Medivac x2, Factory  
  146  11:06  Siege Tank  
  146  11:11  Sensor Tower  
  149  11:17  Marine x5  
  154  11:30  Marine x2  
  154  11:31  Marine x2  
  145  11:34  Marine  
  145  11:35  Marine x2  
  145  11:38  Siege Tank  
  145  11:39  Marine x2  
  153  11:48  Marine x2  
  153  11:49  Marine x2  
  153  11:50  Medivac x2  
  153  11:52  Marine x2  
  153  11:53  Marine  
  164  11:57  Marine x2  
  166  12:05  Marine  
  166  12:06  Marine x3  
  156  12:10  Marine x3, Siege Tank  
  156  12:15  Marine x2  
Tags
 
Add a new tag
Caveats
  • Supply blocks, unpowered buildings, or Contaminate may cause inaccurate times.
  • Supply counts are checked every 10 seconds.